 Dungeon Crawl Stone Soup version 0.28-a0-730-g892d06d (webtiles) character file.

Game seed: 10632653625933743118

9381 Dorkslayer the Carver (level 11, -3/71 HPs)
             Began as a Gargoyle Fighter on Oct 28, 2021.
             Was an Elder of the Shining One.
             Shot with an arrow by a centaur warrior (4 damage)
             ... in a volcano.
             The game lasted 00:35:36 (9357 turns).

Dorkslayer the Carver (Gargoyle Fighter)            Turns: 9357, Time: 00:35:37

Health: -3/71      AC: 29    Str: 22    XL:     11   Next: 45%
Magic:  16/16      EV: 12    Int:  9    God:    the Shining One [****..]
Gold:   604        SH:  5    Dex: 10    Spells: 10/10 levels left

rFire   . . .      SeeInvis .   B - +4 scimitar (flame)
rCold   + . .      Faith    .   c - +0 buckler
rNeg    + + +      Spirit   .   a - +4 chain mail
rPois   ∞          Reflect  .   m - +1 helmet
rElec   +          Harm     .   d - +2 cloak
rCorr   .          Rampage  .   r - +0 pair of gloves
Will    .....                   (no boots)
Stlth   ..........              (no amulet)
HPRegen 0.21/turn               e - +4 ring of evasion
MPRegen 0.15/turn               v - ring of protection from cold

@: hasted, glowing, very quick
A: sickness immunity, AC +8, negative energy resistance 1, electricity
resistance, torment resistance 1, petrification resistance
a: Renounce Religion, Divine Shield, Cleansing Flame


You were in a volcano.
You worshipped the Shining One.
The Shining One was greatly pleased with you.
You visited 2 branches of the dungeon, and saw 12 of its levels.
You also visited: Volcano.

You collected 604 gold pieces.

Inventory:

Hand Weapons
 B - a +4 scimitar of flaming (weapon)
Missiles
 w - 6 boomerangs (quivered)
 x - a curare-tipped dart
Armour
 a - a +4 chain mail (worn)
 c - a +0 buckler (worn)
 d - a +2 cloak (worn)
 m - a +1 helmet (worn)
 r - a +0 pair of gloves (worn)
Jewellery
 e - a +4 ring of evasion (left hand)
 v - a ring of protection from cold (right hand)
Wands
 y - a wand of acid (14)
 A - a wand of digging (21)
Scrolls
 k - 2 scrolls of enchant armour
 o - a scroll of magic mapping
 p - 4 scrolls of fear
 q - 2 scrolls of amnesia
 s - a scroll of immolation
 t - 2 scrolls of vulnerability {unknown}
 u - 3 scrolls of teleportation
Potions
 b - a potion of brilliance {unknown}
 f - a potion of ambrosia
 g - 4 potions of flight
 h - a potion of haste
 i - a potion of berserk rage {unknown}
 j - 6 potions of curing
 l - 3 potions of lignification
 n - a potion of mutation {unknown}
 z - a potion of degeneration {unknown}


   Skills:
 * Level 9.3 Fighting
 + Level 9.7 Long Blades
 - Level 2.9 Axes
 * Level 0.2 Throwing
 + Level 7.3 Armour
 + Level 1.9 Dodging
 + Level 1.4 Stealth
 + Level 5.9 Shields
 * Level 7.4 Invocations
 * Level 3.6 Evocations


You had 10 spell levels left.
You didn't know any spells.
Your spell library contained the following spells:

 Spells                   Type           Power      Damage    Failure   Level
 Magic Dart               Conj           0%         1d3       96%         1
 Pain                     Necr           0%         1d4       96%         1
 Call Imp                 Summ           0%         N/A       99%         2
 Corpse Rot               Necr/Air       0%         N/A       99%         2
 Poisonous Vapours        Pois/Air       0%         N/A       99%         2
 Gell's Gravitas          Tloc           0%         N/A       100%        3
 Ignite Poison            Fire/Tmut/Pois 0%         N/A       100%        3
 Lesser Beckoning         Tloc           0%         N/A       100%        3
 Mephitic Cloud           Conj/Pois/Air  0%         N/A       100%        3
 Teleport Other           Tloc           0%         N/A       100%        3
 Agony                    Necr           0%         N/A       100%        5
 Excruciating Wounds      Necr           0%         N/A       100%        5
 Freezing Cloud           Conj/Ice/Air   0%         6-21      100%        5
 Dispersal                Tloc           0%         N/A       100%        6
 Dragon Form              Tmut           0%         N/A       100%        7
 Statue Form              Tmut/Erth      Unusable   N/A       N/A         6

Dungeon Overview and Level Annotations

Branches:
Dungeon (11/15)            Temple (0/1) D:4            Lair (0/6) D:9
    Orc (1/2) D:11        Volcano (1/1)

Altars:
Fedhas
Gozag
Kikubaaqudgha
Makhleb
Nemelex Xobeh
Sif Muna
Uskayaw
Zin
The Shining One


Innate Abilities, Weirdness & Mutations

You are immune to sickness and miasma.
Your stone body is resilient. (AC +8)
You are immune to poison.
You resist negative energy. (rN+)
You are resistant to electric shocks. (rElec)
You are resistant to unholy torment.
You are immune to petrification.


Message History

Found a rocky tunnel leading out of this place.
There is a rock-blocked tunnel here.
Your divine shield fades away.
A centaur warrior comes into view.
It is wielding a +1 shortbow of flaming.
Found a potion of heal wounds and 49 gold pieces.
The centaur warrior shoots an arrow.
The arrow barely misses you.
The centaur warrior shoots an arrow.
The arrow hits you but does no damage.
Found a burning altar of Makhleb.
The centaur warrior shoots an arrow.
The arrow barely misses you.
The centaur warrior shoots an arrow.
The arrow hits you! The arrow burns you.
You open the large door.
A centaur comes into view.
It is wielding a +0 shortbow of flaming.
The centaur shouts!
The centaur warrior shoots an arrow.
The arrow hits you but does no damage.
The centaur unwields a +0 shortbow of flaming.
It stops flaming.
The centaur barely misses you. The centaur closely misses you.
You slash the centaur! You burn the centaur.
The centaur is severely wounded.
The centaur warrior shoots an arrow.
The arrow hits you! The arrow burns you. You block the centaur's attack.
The centaur kicks you but does no damage.
The centaur warrior shoots an arrow.
The arrow hits you!! The arrow burns you.
You slice the centaur!! You burn the centaur.
You kill the centaur!
The centaur warrior shoots an arrow.
The arrow hits you!
* * * LOW HITPOINT WARNING * * *
The arrow burns you.
* * * LOW HITPOINT WARNING * * *
You feel better.
The centaur warrior shoots an arrow.
The arrow barely misses you.
The centaur warrior shoots an arrow.
The arrow hits you!
* * * LOW HITPOINT WARNING * * *
The arrow burns you.
* * * LOW HITPOINT WARNING * * *
You feel yourself speed up.
The centaur warrior shoots an arrow.
The arrow hits you!
* * * LOW HITPOINT WARNING * * *
The arrow burns you.
You die...

≈≈## +.._..+
§§#. #.....#
§≈#.. #######
§≈#.. +$$.!$+
≈≈#...#..≈c.#
#...#8≈≈≈8#
#..'..≈..+
#..)@....+
§##.#8...8# #≈
≈≈###.....###≈≈
≈≈§≈≈.....§≈§≈≈
≈≈§≈≈8...8§≈≈≈#
§§≈≈≈.....§≈###
###§≈≈.....§§#
#§§≈8...8≈##
####....§##


You could see a centaur warrior.

Vanquished Creatures
  Erica (D:8)
  Pikel (D:5)
  Maurice (D:9)
  3 trolls
  Grinder (D:5)
  A centaur simulacrum (D:9)
  4 shadows
  5 yaks (D:6)
  3 wraiths
  Eustachio (D:5)
  2 vampire mosquitoes (D:11)
  2 steam dragons
  Edmund (D:5)
  Duvessa (D:4)
  An acid dragon (D:10)
  A sky beast (D:8)
  5 orc warriors
  3 ogres
  4 centaurs
  A lemure (D:5)
  A phantom (D:6)
  3 kobold brigands
  Blork the orc (D:6)
  2 bullfrogs
  2 scorpions
  A gnoll sergeant (D:9)
  A water moccasin zombie (D:5)
  Dowan (D:4)
  3 killer bees (D:9)
  14 wights
  5 centaur zombies
  2 howler monkeys
  Crazy Yiuf (D:2)
  5 hounds
  A jelly (D:6)
  6 orc priests
  3 gnoll shamans
  Jessica (D:2)
  2 iguanas
  8 orc wizards
  2 killer bee zombies
  2 hound skeletons
  Robin (D:3)
  4 adders
  16 gnolls
  2 howler monkey skeletons
  A shadow imp (D:7)
  2 ufetubi
  A worm (D:3)
  3 dart slugs
  36 orcs
  8 ball pythons
  8 bats
  6 endoplasms
  A giant cockroach (D:1)
  15 goblins
  5 hobgoblins
  3 quokkas
  3 frilled lizards
  22 kobolds
  2 rats
248 creatures vanquished.

Vanquished Creatures (others)
  22 fungi
  6 plants (D:9)
28 creatures vanquished.

Grand Total: 276 creatures vanquished

Notes
Turn   | Place    | Note
-------+----------+-------------------------------------------
     0 | D:1      | Dorkslayer the Gargoyle Fighter began the quest for the
                  | Orb.
     0 | D:1      | Reached XP level 1. HP: 14/14 MP: 1/1
   496 | D:1      | Reached XP level 2. HP: 19/19 MP: 2/2
   892 | D:1      | Reached XP level 3. HP: 13/24 MP: 3/3
  1171 | D:1      | Found a faded altar of an unknown god.
  1494 | D:2      | Noticed Jessica
  1500 | D:2      | Killed Jessica
  1501 | D:2      | Reached XP level 4. HP: 29/29 MP: 4/4
  1819 | D:2      | Found a runed translucent door.
  1820 | D:2      | Noticed Crazy Yiuf
  1827 | D:2      | Killed Crazy Yiuf
  1828 | D:2      | Reached XP level 5. HP: 33/33 MP: 5/5
  2043 | D:2      | Found a glowing golden altar of the Shining One.
  2051 | D:2      | Became a worshipper of the Shining One
  2430 | D:3      | Noticed Robin
  2455 | D:3      | Killed Robin
  2991 | D:4      | Reached XP level 6. HP: 39/39 MP: 6/6
  3054 | D:4      | Reached skill level 1 in Invocations
  3350 | D:4      | Noticed Duvessa
  3350 | D:4      | Noticed Dowan
  3368 | D:4      | Killed Duvessa
  3375 | D:4      | Killed Dowan
  3376 | D:4      | Reached skill level 5 in Fighting
  3376 | D:4      | Reached skill level 1 in Dodging
  3376 | D:4      | Reached XP level 7. HP: 20/44 MP: 6/8
  3562 | D:4      | Found a staircase to the Ecumenical Temple.
  3772 | D:5      | Entered Level 5 of the Dungeon
  3781 | D:5      | Noticed Eustachio
  3781 | D:5      | Reached * piety under the Shining One
  3850 | D:5      | Killed Eustachio
  4047 | D:5      | Found a shimmering blue altar of Sif Muna.
  4229 | D:5      | Noticed Pikel
  4256 | D:5      | Noticed Edmund
  4261 | D:5      | Killed Pikel
  4262 | D:5      | Reached skill level 5 in Long Blades
  4262 | D:5      | Reached skill level 5 in Armour
  4262 | D:5      | Reached XP level 8. HP: 42/51 MP: 8/10
  4282 | D:5      | Noticed Grinder
  4295 | D:5      | Killed Grinder
  4379 | D:5      | Killed Edmund
  4655 | D:5      | Reached XP level 9. HP: 37/56 MP: 12/12
  4919 | D:6      | Reached ** piety under the Shining One
  5316 | D:6      | Found a hide-covered altar of Uskayaw.
  5621 | D:6      | Reached skill level 1 in Stealth
  5621 | D:6      | Reached skill level 5 in Shields
  5723 | D:6      | Noticed Blork the orc
  5738 | D:6      | Killed Blork the orc
  5739 | D:6      | Reached skill level 5 in Invocations
  6211 | D:7      | Reached XP level 10. HP: 64/64 MP: 14/14
  6234 | D:7      | Got the Volume of Virous Moulding
  6417 | D:7      | Reached *** piety under the Shining One
  6440 | D:7      | Identified the +12 hand axe "Starlight" {flame, *Rage rN++
                  | Int+8 Stlth-}
  6478 | D:7      | Found an opulent altar of Gozag.
  6866 | D:8      | Reached skill level 1 in Axes
  7027 | D:8      | Found a glowing silver altar of Zin.
  7120 | D:8      | Noticed Erica
  7131 | D:8      | Killed Erica
  7696 | D:9      | Reached skill level 1 in Evocations
  7706 | D:9      | Reached **** piety under the Shining One
  7836 | D:9      | Found a staircase to the Lair.
  7965 | D:9      | Found an ancient bone altar of Kikubaaqudgha.
  8004 | D:9      | Reached XP level 11. HP: 60/69 MP: 16/16
  8114 | D:9      | Found a burning altar of Makhleb.
  8115 | D:9      | Found a blossoming altar of Fedhas.
  8183 | D:9      | Noticed Maurice
  8190 | D:9      | Killed Maurice
  8282 | D:10     | Entered Level 10 of the Dungeon
  8654 | D:10     | Found Jinoxziv's Antique Armour Shoppe.
  8982 | D:10     | Found a sparkling altar of Nemelex Xobeh.
  9173 | D:11     | Found a staircase to the Orcish Mines.
  9278 | Orc:1    | Entered Level 1 of the Orcish Mines
  9312 | Orc:1    | Found a dark tunnel.
  9333 | Volcano  | Entered a volcano
  9349 | Volcano  | Noticed a centaur warrior
  9352 | Volcano  | Found a burning altar of Makhleb.
  9357 | Volcano  | HP: 1/71 [centaur warrior/arrow (9)]
  9357 | Volcano  | Shot with an arrow by a centaur warrior

Illustrated notes

Levels and vault maps discovered:
D:1:      tarquinn_simple_flora_water_b, layout_loops_cross,
          hellmonk_ecumenical_altar_pennies_from_heaven, minmay_splitting_lines,
          chequers_mini_garden, corexii_leaking_fountain, grunt_decor_clamped,
          hangedman_decor_points, nrook_mini_backslash, glass_columns_a
D:2:      layout_basic, basic_altar, kennysheep_generic_room_14,
          uniq_crazy_yiuf_cottage, uniq_jessica
D:3:      minmay_evil_eye, layout_loops_cross, roderic_roman_lattice, uniq_robin
D:4:      layout_rooms, minmay_temple_entry_steel_oval, serial_aquarium,
          aquarium_bridge_island_small [aquarium_subvault_small_water,
          aquarium_subvault_bridge, aquarium_subvault_wall,
          aquarium_subvault_bridge, aquarium_subvault_wall], aquarium_window_1,
          aquarium_window_2, aquarium_window_fake, aquarium_view_2c,
          aquarium_view_2f, lemuel_old_faithful, uniq_duvessa
D:5:      layout_cave_pods, mainiacjoe_overflow_brackets, uniq_edmund,
          uniq_pikel, uniq_eustachio, uniq_grinder
D:6:      layout_loops_corners, nicolae_uskayaw_murder_on_the_dancefloor,
          uniq_blork_the_orc
D:7:      layout_basic, grunt_gozag_statues, minmay_misc_feat_plants,
          lightli_orcish_oven
D:8:      layout_gridville, zin_treasury, chequers_serial_rivers_micro_e,
          uniq_erica
D:9:      layout_roguey, mainiacjoe_overflow_paths,
          gammafunk_temple_overflow_pools, dpeg_oklobed_lair, uniq_maurice
D:10:     layout_irregular_city, mainiacjoe_overflow_six_doors_small,
          serial_shops, shop, serial_column_ruins, column_ruins_hut,
          column_ruins_open_tiny, column_ruins_corridor_corner,
          column_ruins_grid_1, column_ruins_open_tiny, column_ruins_grid_1,
          column_ruins_grid_2, column_ruins_grid_1
D:11:     layout_long_grid, hiddenorc1_lemuel, eino_house_with_fridge
Orc:1:    layout_caves, serial_shops, shop, nicolae_volcano_entry_hallway,
          lemuel_statue_altar, uniq_sonja
Volcano:  kennysheep_volcano_temple

Skill      XL: |  1  2  3  4  5  6  7  8  9 10 11 |
---------------+----------------------------------+-----
Long Blades    | 2 3 4 5 6 8 9 |  9.7
Fighting       | 4 5 6 7 8 9 |  9.3
Armour         | 4 5 6 7 |  7.3
Invocations    | 1 3 4 5 7 |  7.4
Shields        | 4 5 |  5.9
Dodging        | 1 |  1.9
Stealth        | 1 |  1.4
Axes           | 2 |  2.9
Evocations     | 2 3 |  3.6
Throwing       | |  0.2

Action                   |  1- 3 |  4- 6 |  7- 9 | 10-12 || total
-------------------------+-------+-------+-------+-------++-------
Melee: Long sword        |   111 |   185 |   308 |    58 ||   662
       Scimitar          |       |       |       |   239 ||   239
       Hand axe          |       |       |       |    43 ||    43
Throw: Dart              |       |       |       |     3 ||     3
       Boomerang         |       |       |       |     5 ||     5
Invok: Divine Shield     |       |       |     1 |     2 ||     3
Evoke: Wand              |       |       |       |     3 ||     3
  Use: Potion            |       |     2 |     1 |     2 ||     5
       Scroll            |       |     1 |     6 |     9 ||    16
Armor: Scale mail        |    58 |    32 |       |       ||    90
       Chain mail        |       |    29 |       |    92 ||   121
       Plate armour      |       |    33 |   201 |    60 ||   294
Dodge: Dodged            |    82 |   111 |   215 |   150 ||   558
Block: Buckler           |    30 |    34 |    80 |    84 ||   228

Table legend: (Time is in decaauts)
 A = Elapsed time spent in this place.
 B = Non-inter-level travel time spent in this place.
 C = Inter-level travel time spent in this place.
 D = Time resting spent in this place.
 E = Time spent auto-exploring this place.
 F = Levels seen in this place.
 G = Mean time per level.
                   A        B        C        D        E       F      G
               +--------+--------+--------+--------+--------+-----+--------+
         Total |   9516 |   9516 |      0 |   1096 |   1093 |  13 |  732.0 |
       Dungeon |   9440 |   9440 |      0 |   1096 |   1093 |  11 |  858.2 |
  Orcish Mines |     52 |     52 |      0 |      0 |      0 |   1 |   52.0 |
       Volcano |     23 |     23 |      0 |      0 |      0 |   1 |   23.0 |
               +--------+--------+--------+--------+--------+-----+--------+

Top non-repeatable levels by time:
     D:1: 1528 daAuts
     D:6: 1210 daAuts
     D:5: 1137 daAuts
     D:8: 914 daAuts
     D:3: 817 daAuts
    D:10: 774 daAuts
     D:4: 769 daAuts
     D:2: 744 daAuts
     D:7: 698 daAuts
     D:9: 622 daAuts
    D:11: 223 daAuts
   Orc:1: 52 daAuts
 Volcano: 23 daAuts
